 Dungeon Crawl Stone Soup version 0.19.5 (webtiles) character file.

60 McKennaii the Firebug (level 3, -1/19 HPs)
             Began as a Deep Elf Fire Elementalist on May 16, 2017.
             Killed from afar by Terence (7 damage)
             ... with a wand of flame
             ... on level 2 of the Dungeon.
             The game lasted 00:02:35 (1075 turns).

McKennaii the Firebug (Deep Elf Fire Elementalist)  Turns: 1075, Time: 00:02:36

Health: -1/19      AC:  5    Str:  5    XL:     3   Next: 82%
Magic:  5/10       EV: 13    Int: 20    God:
Gold:   131        SH:  0    Dex: 15    Spells: 3 memorised, 3 levels left

rFire  . . .     SeeInvis .     (no weapon)
rCold  . . .     Gourm    .     l - +2 animal skin
rNeg   . . .     Faith    .     (no shield)
rPois  .         Spirit   .     m - +0 helmet
rElec  .         Reflect  .     (no cloak)
rCorr  .         Harm     .     (no gloves)
MR     .....                    (no boots)
Stlth  ++........               (no amulet)
                                (no ring)
                                (no ring)

@: no status effects
A: no striking features
a: no special abilities


You were on level 2 of the Dungeon.
You were not hungry.

You visited 1 branch of the dungeon, and saw 2 of its levels.

You collected 131 gold pieces.

Inventory:

Armour
 l - a +2 animal skin (worn)
 m - a +0 helmet (worn)
Scrolls
 d - 2 scrolls of remove curse {unknown}
 g - 2 scrolls of identify {unknown}
 i - a scroll of fear {unknown}
 j - a scroll of teleportation {unknown}
Potions
 e - a potion of flight {unknown}
 h - a potion of heal wounds {unknown}
Books
 b - a book of Flames

   Spells                             Type                      Level
   a - Flame Tongue                   Conjuration/Fire             1
   b - Throw Flame                    Conjuration/Fire             2
   c - Conjure Flame                  Conjuration/Fire             3
   d - Inner Flame                    Hexes/Fire                   3
   e - Sticky Flame                   Conjuration/Fire             4
   f - Fireball                       Conjuration/Fire             5
Comestibles
 a - 3 chunks of flesh
 c - 2 bread rations
 f - a meat ration
 k - a royal jelly


   Skills:
 + Level 2.8 Dodging
 + Level 2.6 Stealth
 + Level 3.5 Spellcasting
 + Level 1.4 Conjurations
 + Level 4.5 Fire Magic


You had 3 spell levels left.
You knew the following spells:

 Your Spells              Type           Power        Failure   Level  Hunger
a - Flame Tongue          Conj/Fire      ###..        4%          1    None
b - Throw Flame           Conj/Fire      ###...       10%         2    ##.....
c - Conjure Flame         Conj/Fire      ###.....     14%         3    ###....


Dungeon Overview and Level Annotations

Branches:
Dungeon (2/15)

Altars:

Annotations:
D:2 Terence


Message History

Casting: Conjure Flame
Confirm with . or Enter, or press ? or * to list all spells.
You can't see any susceptible monsters within range! (Use Z to cast anyway.) Unknown command.
Casting: Conjure Flame
Confirm with . or Enter, or press ? or * to list all spells.
Aiming: Flame Tongue
Press: ? - help, Shift-Dir - straight line, f - Terence
Aim: Terence, wielding a mace of holy wrath, wearing a ring mail and carrying a wand of flame {zapped: 2} The flame tongue hits Terence.
Terence appears unharmed.
Terence zaps a wand.
The puff of flame hits you!
Casting: Flame Tongue
Confirm with . or Enter, or press ? or * to list all spells.
Aiming: Flame Tongue
Press: ? - help, Shift-Dir - straight line, f/p - Terence
Aim: Terence, wielding a mace of holy wrath, wearing a ring mail and carrying a wand of flame {zapped: 3} The flame tongue hits Terence.
Terence is lightly wounded.
Terence zaps a wand.
The puff of flame hits you!
You die...

#.# #....###.........#
#.# #..##.##..........
#.# #..# .##.........#
#.###<.##.##...@.....#
#........###......(###
##.####........@....#
##.#.######..........#
##(###.#####..###.###.+
#.## ##.@ยง.@..###.#
### ##.###.###.......#.
##.#.## #..#####.##
##.#####..# #....##..#
####.##..# #.##..#
#.##..# #.##..#


You could see Terence.

Vanquished Creatures
  Robin (D:2)
  An adder (D:2)
  2 worms (D:2)
  A dart slug (D:1)
  4 bats
  3 giant cockroaches
  7 goblins
  6 hobgoblins
  A ball python (D:1)
  2 frilled lizards
  4 rats
32 creatures vanquished.

Notes
Turn   | Place    | Note
-------+----------+-------------------------------------------
     0 | D:1      | McKennaii the Deep Elf Fire Elementalist began the quest for the Orb.
     0 | D:1      | Reached XP level 1. HP: 10/10 MP: 6/6
   110 | D:1      | Reached XP level 2. HP: 9/15 MP: 4/8
   410 | D:1      | Reached skill level 4 in Fire Magic
   607 | D:2      | Reached XP level 3. HP: 19/19 MP: 7/9
   648 | D:2      | Noticed Robin
   727 | D:2      | Killed Robin
   789 | D:2      | Noticed Terence
   818 | D:1      | Learned a level 2 spell: Throw Flame
   822 | D:1      | Learned a level 3 spell: Conjure Flame
  1075 | D:2      | Killed from afar by Terence

Skill      XL: |  1  2 |
---------------+-------+-----
Fire Magic     | 4 |  4.5
Dodging        | |  2.8
Stealth        | |  2.6
Spellcasting   | |  3.5
Conjurations   | |  1.4

Action                   || total
-------------------------++-------
Melee: Unarmed           ||     2
 Cast: Flame Tongue      ||    58
       Conjure Flame     ||     1
Armor: Robe              ||     1
       Animal skin       ||     1
Dodge: Dodged            ||    14
